 Dungeon Crawl Stone Soup version 0.22-a0-525-gf69a080 (webtiles) character file.

1786 Amnesiac the Slinger (level 8, -14/39 HPs)
             Began as a Spriggan Fighter on June 20, 2018.
             Was an Initiate of Gozag.
             Killed by divine providence
             ... invoked by an orc priest
              (16 damage)
             ... on level 7 of the Dungeon.
             The game lasted 00:09:29 (6680 turns).

Amnesiac the Slinger (Spriggan Fighter)             Turns: 6680, Time: 00:09:30

Health: -14/39     AC:  3    Str: 14    XL:     8   Next: 82%
Magic:  9/9        EV: 20    Int:  9    God:    Gozag
Gold:   632        SH:  8    Dex: 16    Spells: 7/7 levels left

rFire    . . .     SeeInvis +   b - +0 hunting sling
rCold    + . .     Gourm    .   c - +0 buckler
rNeg     . . .     Faith    .   v - +0 robe
rPois    +         Spirit   .   (helmet restricted)
rElec    .         Reflect  .   r - +0 cloak
rCorr    .         Harm     +   (gloves unavailable)
MR       +....                  (boots unavailable)
Stlth    +.........             e - amulet of harm
HPRegen  0.13/turn              k - ring of poison resistance
MPRegen  0.11/turn              q - ring of protection from cold

@: gold aura, very quick
A: very small, unfitting armour, see invisible, herbivore, speed 3, slow
metabolism 2
a: Potion Petition, Call Merchant, Bribe Branch, Renounce Religion


You were on level 7 of the Dungeon.
You worshipped Gozag.
Gozag was pleased with you.
You were not hungry.

You visited 1 branch of the dungeon, and saw 7 of its levels.

You collected 808 gold pieces.
You spent 131 gold pieces at shops.
You paid 45 gold pieces to Gozag.

Inventory:

Hand Weapons
 a - a +0 long sword
 b - a +0 hunting sling (weapon)
Missiles
 i - 79 stones (quivered)
 m - 9 sling bullets
 z - 21 poisoned needles
Armour
 c - a +0 buckler (worn)
 r - a +0 cloak (worn)
 v - a +0 robe (worn)
Jewellery
 e - an amulet of harm (around neck)
 k - a ring of poison resistance (left hand)
 q - a ring of protection from cold (right hand)
Wands
 A - a wand of scattershot (4)
Scrolls
 h - 12 scrolls of identify {!r}
 j - a scroll of immolation {!r, unknown}
 l - 4 scrolls of fear {!r}
 n - 4 scrolls of magic mapping {!r}
 o - 5 scrolls of teleportation {!r}
 p - 2 scrolls of noise {!r, unknown}
 t - a scroll of blinking {!r, unknown}
 x - a scroll of amnesia {!r, unknown}
 y - 3 scrolls of enchant weapon {!r, unknown}
 C - a scroll of remove curse {!r, unknown}
Potions
 d - 2 potions of might {!q}
 g - 2 potions of degeneration {!q, unknown}
 s - 2 potions of lignification {!q, unknown}
 u - a potion of heal wounds {!q, unknown}
 w - 2 potions of curing {!q, unknown}
 B - 2 potions of agility {!q, unknown}
Comestibles
 f - 8 rations


   Skills:
 - Level 2.4 Fighting
 - Level 1.5 Long Blades
 * Level 9.3 Slings
 - Level 4.4 Dodging
 + Level 6.7 Shields


You had 7 spell levels left.
You didn't know any spells.
Your spell library contained the following spells:

 Spells                   Type           Power        Failure   Level  Hunger
 Mephitic Cloud           Conj/Pois/Air  #.......     77%         3    ####...
 Venom Bolt               Conj/Pois      #.........   100%        5    ######.
 Olgreb's Toxic Radiance  Pois           #.......     99%         4    #####..
 Sting                    Conj/Pois      #...         38%         1    ##.....
 Poisonous Vapours        Pois/Air       #.....       52%         2    ###....


Dungeon Overview and Level Annotations

Branches:
Dungeon (7/15)             Temple (0/1) D:5

Altars:
Ashenzari
Fedhas
Gozag
Makhleb
Nemelex Xobeh
Okawaru
Uskayaw
The Shining One

Shops:
D:6 ?


Innate Abilities, Weirdness & Mutations

You are very small and have problems with some larger weapons.
You are too small for most types of armour.
You have supernaturally acute eyesight. (SInv)
You are a herbivore.
You cover ground extremely quickly.
You need to consume almost no food.


Message History

The orc shouts! x2; The orc priest shouts!
You hear a shout! x2
A crimson imp comes into view.
You hear a howl!
There are monsters nearby!
There are monsters nearby!
Firing (i - inventory. (/) - cycle)
i - 87 stones (quivered)
Press: ? - help, Shift-Dir - straight line, f - orc priest
Aim: an orc priest, wielding a club You shoot a stone.
The stone hits the orc priest.
The orc priest is heavily wounded.
Firing (i - inventory. (/) - cycle)
i - 86 stones (quivered)
Press: ? - help, Shift-Dir - straight line, f/p - orc priest
Aim: an orc priest, wielding a club (heavily wounded)
You shoot a stone. The stone barely misses the orc priest.
A howler monkey comes into view.
Firing (i - inventory. (/) - cycle)
i - 85 stones (quivered)
Press: ? - help, Shift-Dir - straight line, f/p - orc priest
Aim: an orc priest, wielding a club (heavily wounded)
You shoot a stone. The stone hits the orc priest.
The orc priest is almost dead.
The orc priest mumbles some strange prayers to Beogh against you.
Beogh smites you!
The howler monkey hoots and howls with incredible vigour!
Firing (i - inventory. (/) - cycle)
i - 84 stones (quivered)
Press: ? - help, Shift-Dir - straight line, f/p - orc priest
Aim: an orc priest, wielding a club (almost dead)
You shoot a stone. The stone hits the orc priest.
The orc priest is almost dead.
An orc comes into view. It is wielding a club.
The orc priest invokes the aid of Beogh against you.
Beogh smites you!
* * * LOW HITPOINT WARNING * * *
The orc shouts!
You hear a howl!
Firing (i - inventory. (/) - cycle)
i - 83 stones (quivered)
Press: ? - help, Shift-Dir - straight line, f/p - orc priest
Aim: an orc priest, wielding a club (almost dead)
You shoot a stone. The stone hits the orc!
You kill the orc!
Firing (i - inventory. (/) - cycle)
i - 82 stones (quivered)
Press: ? - help, Shift-Dir - straight line, f/p - orc priest
Aim: an orc priest, wielding a club (almost dead)
You shoot a stone.
The stone hits the orc but does no damage.
Firing (i - inventory. (/) - cycle)
i - 81 stones (quivered)
Press: ? - help, Shift-Dir - straight line, f/p - orc priest
Aim: an orc priest, wielding a club (almost dead)
You shoot a stone. The stone closely misses the orc.
The stone barely misses the orc priest.
The orc priest mumbles some strange prayers to Beogh against you.
Pain shoots through your body!
* * * LOW HITPOINT WARNING * * *
A howler monkey comes into view.
Firing (i - inventory. (/) - cycle)
i - 80 stones (quivered)
Press: ? - help, Shift-Dir - straight line, f/p - orc priest
Aim: an orc priest, wielding a club (almost dead)
You shoot a stone.
The stone hits the orc priest but does no damage.
The orc priest is almost dead.
The orc completely misses you.
An adder comes into view.
The orc priest mumbles some strange prayers to Beogh against you.
Beogh smites you!
You die...
Your body crumbles into a pile of gold.

###########....#
#...).....'....#
#.........#....#
#...##....#....#
#...##<...#....## #....
#...##....#..(..# .......
#...##....#.....#
#........
#...#######.....#
#......... #...#
........@####..........#
#...#
....####o(o((..........((
##### ....
+..5............(( ...
#..............(.. ..
#....ho...........
##......h.........
#....(.S.........
#.......((.......
#......(.....(...


You could see 2 howler monkeys, an orc priest, a crimson imp, an adder
(wandering) and 2 orcs.

Vanquished Creatures
  Sigmund (D:3)
  Edmund (D:4)
  Purgy (D:4)
  2 ogres
  A sky beast (D:6)
  An orc warrior (D:6)
  2 phantoms
  A centaur (D:5)
  A scorpion (D:7)
  3 howler monkeys
  A quasit (D:7)
  A jelly (D:6)
  2 hounds
  3 bullfrog skeletons
  2 orc priests
  5 worker ants (D:5)
  Terence (D:3)
  A hound skeleton (D:5)
  10 adders
  A shadow imp (D:5)
  An ooze (D:4)
  2 adder skeletons
  4 worms
  5 dart slugs
  2 leopard geckos
  11 orcs
  3 giant cockroaches
  3 goblins
  4 hobgoblins
  18 jackals
  4 quokkas
  7 bats
  3 frilled lizards (D:3)
  7 kobolds
  A quokka skeleton (D:4)
  2 quokka zombies
  6 rats
124 creatures vanquished.

Notes
Turn   | Place    | Note
-------+----------+-------------------------------------------
     0 | D:1      | Amnesiac the Spriggan Fighter began the quest for the Orb.
     0 | D:1      | Reached XP level 1. HP: 11/11 MP: 2/2
   433 | D:1      | Reached XP level 2. HP: 10/16 MP: 3/3
   721 | D:1      | Reached XP level 3. HP: 16/19 MP: 4/4
  1377 | D:3      | Found a hide-covered altar of Uskayaw.
  1379 | D:3      | Noticed a hand axe
  1379 | D:3      | Noticed an enchanted hand axe
  1394 | D:3      | Noticed Terence
  1536 | D:4      | Found a shattered altar of Ashenzari.
  1542 | D:4      | Noticed Purgy
  1579 | D:4      | Killed Purgy
  1579 | D:4      | Reached XP level 4. HP: 3/23 MP: 5/5
  1579 | D:4      | Reached XP level 5. HP: 3/27 MP: 6/6
  1833 | D:4      | Found a glowing golden altar of the Shining One.
  1834 | D:4      | Found an iron altar of Okawaru.
  1836 | D:4      | Found an opulent altar of Gozag.
  1855 | D:4      | Became a worshipper of Gozag Ym Sagoz the Greedy
  1906 | D:4      | Noticed Edmund
  2657 | D:2      | Reached skill level 5 in Shields
  2827 | D:3      | Killed Terence
  2827 | D:3      | Reached XP level 6. HP: 32/32 MP: 7/7
  2890 | D:3      | Found a faded altar of an unknown god.
  2891 | D:3      | Noticed Sigmund
  3124 | D:4      | Reached skill level 1 in Slings
  3212 | D:5      | Entered Level 5 of the Dungeon
  3212 | D:5      | Found a staircase to the Ecumenical Temple.
  3342 | D:5      | Reached skill level 2 in Slings
  3602 | D:5      | Reached skill level 3 in Slings
  3909 | D:4      | Reached skill level 4 in Slings
  3909 | D:4      | Reached XP level 7. HP: 35/35 MP: 8/8
  4339 | D:4      | Killed Edmund
  4339 | D:4      | Reached skill level 5 in Slings
  4465 | D:4      | Found a sparkling altar of Nemelex Xobeh.
  4501 | D:3      | Killed Sigmund
  4558 | D:3      | Found a blossoming altar of Fedhas.
  4564 | D:3      | Found a burning altar of Makhleb.
  4784 | D:5      | Reached skill level 6 in Slings
  5025 | D:5      | Reached XP level 8. HP: 26/39 MP: 9/9
  5199 | D:5      | Reached skill level 7 in Slings
  5944 | D:6      | Reached skill level 8 in Slings
  6299 | D:6      | Found Ronwill's Magic Scroll Boutique.
  6309 | D:6      | Bought a scroll of magic mapping for 38 gold pieces
  6309 | D:6      | Bought a scroll of teleportation for 33 gold pieces
  6309 | D:6      | Bought a scroll of identify for 22 gold pieces
  6309 | D:6      | Bought a scroll of fear for 38 gold pieces
  6622 | D:7      | Reached skill level 9 in Slings
  6680 | D:7      | Killed from afar by an orc priest

Vault maps used:
D:1:      co_arrival_square_in_a_square_in_a_square
D:2:      first_ration
D:3:      dancing_weapons_uskayaw, minitemple,
          chequers_ecumenical_altar_simple_redux, uniq_sigmund, uniq_terence
D:4:      ashenzari_altar_1, grunt_temple_overflow_open, lemuel_round_altar,
          uniq_edmund, uniq_purgy
D:5:      minmay_temple_entry_large_hall
D:6:      serial_shops, shop
D:7:      kennysheep_mini

Skill      XL: |  1  2  3  4  5  6  7  8 |
---------------+-------------------------+-----
Shields        | 3 4 5 6 |  6.7
Slings         | 4 6 9 |  9.3
Fighting       | |  2.4
Long Blades    | |  1.5
Dodging        | |  4.4

Action                   |  1- 3 |  4- 6 |  7- 9 || total
-------------------------+-------+-------+-------++-------
Melee: Long sword        |    86 |   156 |    39 ||   281
 Fire: Hunting sling     |       |       |   309 ||   309
  Use: Potion            |     2 |       |       ||     2
 Stab: Sleeping          |     2 |     2 |       ||     4
       Distracted        |     1 |       |       ||     1
  Eat: Ration            |       |     2 |       ||     2
Armor: Robe              |     7 |    13 |     1 ||    21
Dodge: Dodged            |    79 |   130 |    71 ||   280
Block: Buckler           |    35 |    58 |    39 ||   132
       Rpst.: Long sword |    26 |    42 |     3 ||    71

Table legend:
 A = Spawn XP
 B = Non-spawn XP
 C = Spawn XP percentage of total XP
 D = Spawn monster count
 E = Non-spawn monster count
 F = Spawn count percentage of total count
 G = Total turns spent on level
                    A         B        C        D         E        F      G
               +---------+---------+-------+---------+---------+-------+---------
         Total |       0 |    2552 |   0.0 |       0 |     124 |   0.0 |  6680
               +---------+---------+-------+---------+---------+-------+---------
           D:1 |       0 |      53 |   0.0 |       0 |      28 |   0.0 |  1050
           D:2 |       0 |      55 |   0.0 |       0 |      14 |   0.0 |  1164
           D:3 |       0 |     333 |   0.0 |       0 |      22 |   0.0 |   607
           D:4 |       0 |     639 |   0.0 |       0 |      19 |   0.0 |  1307
           D:5 |       0 |     564 |   0.0 |       0 |      21 |   0.0 |  1564
           D:6 |       0 |     558 |   0.0 |       0 |      13 |   0.0 |   836
           D:7 |       0 |     350 |   0.0 |       0 |       7 |   0.0 |   152
               +---------+---------+-------+---------+---------+-------+---------
